Workbook

Sheet PLANILHA
A1: PREFEITURA MUNICIPAL DE VARGEM ALTA - ESPIRITO SANTO
A2: ESTADO DO ESPÍRITO SANTO
A3: OBRA: CONSTRUÇÃO DE CAPELA MORTUÁRIA | D3: BDI: 33,25% e Leis Sociais: 157,27%
A4: LOCAL: CASTELINHO - VARGEM ALTA - ES | D4: Data Base: SINAPI JANEIRO/2025 DER ES EDIF. JANEIRO/2025
A5: PLANILHA ORÇAMENTÁRIA
A6: REFERÊNCIA | D6: UNID. | E6: QUANT. | F6: PREÇO UNIT. | G6: PREÇO TOTAL
A7: ÍTEM | B7: CÓDIGO SINAP
A8: 1 | B8: SERVIÇOS PRELIMINARES
A9: 1.1 | B9: INSTALAÇÃO DO CANTEIRO DE OBRAS
A10: 1.1.1 | B10: SINAPI 103689 | C10: FORNECIMENTO E INSTALAÇÃO DE PLACA DE OBRA COM CHAPA GALVANIZADA E ESTRUTURA DE MADEIRA. AF_03/2022_PS | D10: m2 | E10: =MEMORIAL!F9 -> 6 | F10: =ROUND(AU10,2) -> 0 | G10: =F10*E10 -> 0 | H10: 463.36 | I10: 0.3325
A11: 1.1.2 | B11: DER - ES 020713 | C11: Rede de luz, incl. padrão entrada de energia trifás., cabo de ligação até barracões, quadro de distrib., disj. E chave de força (quando necessário), cons. 20m entre padrão entrada e QDG, conf. projeto (1 utilização | D11: m | E11: =MEMORIAL!F10 -> 15 | F11: =ROUND(AU11,2) -> 0 | G11: =F11*E11 -> 0 | H11: 454.43 | I11: 0.3325
A12: 1.1.3 | B12: DER - ES 020712 | C12: Rede de água com padrão de entrada d'água diâm. 3/4", conf. espec. CESAN, incl. tubos e conexões para alimentação, distribuição, extravasor e limpeza, cons. o padrão a 25m, conf. projeto (1 utilização) | D12: m | E12: =MEMORIAL!F11 -> 15 | F12: =ROUND(AU12,2) -> 0 | G12: =F12*E12 -> 0 | H12: 55.94 | I12: 0.3325
A13: 1.1.4 | B13: DER - ES 020702 | C13: Barracão para almoxarifado área de 10.90m2, de chapa de compensado de 12mm e pontalete 8x8cm, piso cimentado e cobertura de telhas de fibrocimento de 6mm, incl. ponto de luz, conf. projeto (1 utilização) | D13: m2 | E13: =MEMORIAL!F12 -> 10.9 | F13: =ROUND(AU13,2) -> 0 | G13: =F13*E13 -> 0 | H13: 582.82 | I13: 0.3325
A14: 1.1.5 | B14: DER - ES 010501 | C14: Locação de obra com gabarito de madeira | D14: m2 | E14: =MEMORIAL!F13 -> 115.85 | F14: =ROUND(AU14,2) -> 0 | G14: =F14*E14 -> 0 | H14: 10.95 | I14: 0.3325
A15: 1.1.6 | B15: DER - ES 020350 | C15: Tapume Telha Metálica Ondulada em aço galvalume 0,50mm Branca h=2,20m, incl. montagem estr. mad. 8"x8", c/adesivo "DER-ES" 60x60cm a cada 10m, incl. faixas pint. esmalte sint. cores azul c/ h=30cm e rosa c/ h=10cm (Reaproveitamento 2x) | D15: m | E15: =MEMORIAL!F14 -> 57.3 | F15: =ROUND(AU15,2) -> 0 | G15: =F15*E15 -> 0 | H15: 144.53 | I15: 0.3325
B16: Subtotal | G16: =SUM(G10:G15) -> 0
A17: 2 | B17: MOVIMENTO DE TERRA
A18: 2.1 | B18: ESCAVAÇÕES
A19: 2.1.1 | B19: SINAPI 96523 | C19: ESCAVAÇÃO MANUAL PARA BLOCO DE COROAMENTO OU SAPATA (INCLUINDO ESCAVAÇÃO PARA COLOCAÇÃO DE FÔRMAS). AF_01/2024 | D19: m³ | E19: =MEMORIAL!F17 -> 38.47 | F19: =ROUND(AU19,2) -> 0 | G19: =F19*E19 -> 0 | H19: 102.81 | I19: 0.3325
A20: 2.1.2 | B20: SINAPI 93382 | C20: REATERRO MANUAL DE VALAS, COM COMPACTADOR DE SOLOS DE PERCUSSÃO. AF_08/2023 | D20: m³ | E20: =MEMORIAL!F18 -> 29.74 | F20: =ROUND(AU20,2) -> 0 | G20: =F20*E20 -> 0 | H20: 29.18 | I20: 0.3325
B21: Subtotal | G21: =SUM(G19:G20) -> 0
A22: 3 | B22: ESTRUTURAS
A23: 3.1 | B23: INFRA-ESTRUTURA (FUNDAÇÃO E VIGA BALDRAME)
A24: 3.1.1 | B24: SINAPI 94971 | C24: CONCRETO FCK = 25MPA, TRAÇO 1:2,3:2,7 (EM MASSA SECA DE CIMENTO/ AREIA MÉDIA/ BRITA 1) - PREPARO MECÂNICO COM BETONEIRA 600 L. AF_05/2021 | D24: m³ | E24: 13.62 | F24: =ROUND(AU24,2) -> 0 | G24: =F24*E24 -> 0 | H24: 472.41 | I24: 0.3325
A25: 3.1.2 | B25: SINAPI 96538 | C25: FABRICAÇÃO, MONTAGEM E DESMONTAGEM DE FÔRMA PARA SAPATA, EM CHAPA DE MADEIRA COMPENSADA RESINADA, E=17 MM, 2 UTILIZAÇÕES. AF_01/2024 | D25: m² | E25: =MEMORIAL!F22 -> 48.81 | F25: =ROUND(AU25,2) -> 0 | G25: =F25*E25 -> 0 | H25: 266.95 | I25: 0.3325
A26: 3.1.3 | B26: SINAPI 96539 | C26: FABRICAÇÃO, MONTAGEM E DESMONTAGEM DE FÔRMA PARA VIGA BALDRAME, EM CHAPA DE MADEIRA COMPENSADA RESINADA, E=17 MM, 2 UTILIZAÇÕES. AF_01/2024 | D26: m² | E26: =MEMORIAL!F23 -> 77.52 | F26: =ROUND(AU26,2) -> 0 | G26: =F26*E26 -> 0 | H26: 140.28 | I26: 0.3325
A27: 3.1.4 | B27: SINAPI 104917 | C27: ARMAÇÃO DE SAPATA ISOLADA, VIGA BALDRAME E SAPATA CORRIDA UTILIZANDO AÇO CA-50 DE 6.3 MM - MONTAGEM. AF_01/2024 | D27: kg | E27: =MEMORIAL!F24 -> 14.4 | F27: =ROUND(AU27,2) -> 0 | G27: =F27*E27 -> 0 | H27: 18.16 | I27: 0.3325
A28: 3.1.5 | B28: SINAPI 104918 | C28: ARMAÇÃO DE SAPATA ISOLADA, VIGA BALDRAME E SAPATA CORRIDA UTILIZANDO AÇO CA-50 DE 8 MM - MONTAGEM. AF_01/2024 | D28: kg | E28: 284.5 | F28: =ROUND(AU28,2) -> 0 | G28: =F28*E28 -> 0 | H28: 18.16 | I28: 0.3325
A29: 3.1.6 | B29: SINAPI 104919 | C29: ARMAÇÃO DE SAPATA ISOLADA, VIGA BALDRAME E SAPATA CORRIDA UTILIZANDO AÇO CA-50 DE 10 MM - MONTAGEM. AF_01/2024 | D29: kg | E29: =MEMORIAL!F26 -> 245.7 | F29: =ROUND(AU29,2) -> 0 | G29: =F29*E29 -> 0 | H29: 15.21 | I29: 0.3325
A30: 3.1.7 | B30: SINAPI 104920 | C30: ARMAÇÃO DE BLOCO, SAPATA ISOLADA, VIGA BALDRAME E SAPATA CORRIDA UTILIZANDO AÇO CA-50 DE 12,5 MM - MONTAGEM. AF_01/2024 | D30: kg | E30: =MEMORIAL!F27 -> 87.9 | F30: =ROUND(AU30,2) -> 0 | G30: =F30*E30 -> 0 | H30: 12.95 | I30: 0.3325
A31: 3.1.8 | B31: SINAPI 104916 | C31: ARMAÇÃO DE SAPATA ISOLADA, VIGA BALDRAME E SAPATA CORRIDA UTILIZANDO AÇO CA-60 DE 5 MM - MONTAGEM. AF_01/2024 | D31: kg | E31: 99.5 | F31: =ROUND(AU31,2) -> 0 | G31: =F31*E31 -> 0 | H31: 19.4 | I31: 0.3325
B32: Subtotal | G32: =SUM(G24:G31) -> 0
A33: 3.2 | B33: SUPER-ESTRUTURA (PILARES)
A34: 3.2.1 | B34: SINPI 103672 | C34: CONCRETAGEM DE PILARES, FCK = 25 MPA, COM USO DE BOMBA - LANÇAMENTO, ADENSAMENTO E ACABAMENTO. AF_02/2022_PS | D34: m³ | E34: =MEMORIAL!F30 -> 2.22 | F34: =ROUND(AU34,2) -> 0 | G34: =F34*E34 -> 0 | H34: 761.3 | I34: 0.3325
A35: 3.2.2 | B35: SINAPI 92762 | C35: ARMAÇÃO DE PILAR OU VIGA DE ESTRUTURA CONVENCIONAL DE CONCRETO ARMADO UTILIZANDO AÇO CA-50 DE 10,0 MM - MONTAGEM. AF_06/2022 | D35: kg | E35: 51.8 | F35: =ROUND(AU35,2) -> 0 | G35: =F35*E35 -> 0 | H35: 13.37 | I35: 0.3325
A36: 3.2.3 | B36: SINAPI 92763 | C36: ARMAÇÃO DE PILAR OU VIGA DE ESTRUTURA CONVENCIONAL DE CONCRETO ARMADO UTILIZANDO AÇO CA-50 DE 12,5 MM - MONTAGEM. AF_06/2022 | D36: kg | E36: 84.75 | F36: =ROUND(AU36,2) -> 0 | G36: =F36*E36 -> 0 | H36: 11.29 | I36: 0.3325
A37: 3.2.4 | B37: SINAPI 92759 | C37: ARMAÇÃO DE PILAR OU VIGA DE ESTRUTURA CONVENCIONAL DE CONCRETO ARMADO UTILIZANDO AÇO CA-60 DE 5,0 MM - MONTAGEM. AF_06/2022 | D37: kg | E37: 30.52 | F37: =ROUND(AU37,2) -> 0 | G37: =F37*E37 -> 0 | H37: 16.52 | I37: 0.3325
A38: 3.2.5 | B38: SINAPI 92415 | C38: MONTAGEM E DESMONTAGEM DE FÔRMA DE PILARES RETANGULARES E ESTRUTURAS SIMILARES, PÉ-DIREITO SIMPLES, EM CHAPA DE MADEIRA COMPENSADA RESINADA, 2 UTILIZAÇÕES. AF_09/2020 | D38: m² | E38: 26.73 | F38: =ROUND(AU38,2) -> 0 | G38: =F38*E38 -> 0 | H38: 152.25 | I38: 0.3325
B39: Subtotal | G39: =SUM(G34:G38) -> 0
A40: 3.3 | B40: LAJES E VIGAS
A41: 3.3.1 | B41: SINAPI 103675 | C41: CONCRETAGEM DE VIGAS E LAJES, FCK=25 MPA, PARA LAJES MACIÇAS OU NERVURADAS COM USO DE BOMBA - LANÇAMENTO, ADENSAMENTO E ACABAMENTO. AF_02/2022_PS | D41: m3 | E41: =MEMORIAL!F36 -> 7.6 | F41: =ROUND(AU41,2) -> 0 | G41: =F41*E41 -> 0 | H41: 761.94 | I41: 0.3325
A42: 3.3.2 | B42: SINAPI 92769 | C42: ARMAÇÃO DE LAJE DE ESTRUTURA CONVENCIONAL DE CONCRETO ARMADO UTILIZANDO AÇO CA-50 DE 6,3 MM - MONTAGEM. AF_06/2022 | D42: kg | E42: =MEMORIAL!F37 -> 10.1 | F42: =ROUND(AU42,2) -> 0 | G42: =F42*E42 -> 0 | H42: 15.12 | I42: 0.3325
A43: 3.3.3 | B43: SINAPI 92770 | C43: ARMAÇÃO DE LAJE DE ESTRUTURA CONVENCIONAL DE CONCRETO ARMADO UTILIZANDO AÇO CA-50 DE 8,0 MM - MONTAGEM. AF_06/2022 | D43: kg | E43: =MEMORIAL!F38 -> 120.9 | F43: =ROUND(AU43,2) -> 0 | G43: =F43*E43 -> 0 | H43: 14.35 | I43: 0.3325
A44: 3.3.4 | B44: SINAPI 92771 | C44: ARMAÇÃO DE LAJE DE ESTRUTURA CONVENCIONAL DE CONCRETO ARMADO UTILIZANDO AÇO CA-50 DE 10,0 MM - MONTAGEM. AF_06/202 | D44: kg | E44: =MEMORIAL!F39 -> 23.75 | F44: =ROUND(AU44,2) -> 0 | G44: =F44*E44 -> 0 | H44: 12.88 | I44: 0.3325
A45: 3.3.5 | B45: SINAPI 92768 | C45: ARMAÇÃO DE LAJE DE ESTRUTURA CONVENCIONAL DE CONCRETO ARMADO UTILIZANDO AÇO CA-60 DE 5,0 MM - MONTAGEM. AF_06/2022 | D45: kg | E45: =MEMORIAL!F40 -> 108.85 | F45: =ROUND(AU45,2) -> 0 | G45: =F45*E45 -> 0 | H45: 15.88 | I45: 0.3325
A46: 3.3.6 | B46: SINAPI 92484 | C46: MONTAGEM E DESMONTAGEM DE FÔRMA DE LAJE MACIÇA, PÉ-DIREITO SIMPLES, EM MADEIRA SERRADA, 2 UTILIZAÇÕES. AF_09/2020 | D46: m2 | E46: =MEMORIAL!F41 -> 41.45 | F46: =ROUND(AU46,2) -> 0 | G46: =F46*E46 -> 0 | H46: 247 | I46: 0.3325
A47: 3.3.7 | B47: SINAPI 92447 | C47: MONTAGEM E DESMONTAGEM DE FÔRMA DE VIGA, ESCORAMENTO COM PONTALETE DE MADEIRA, PÉ-DIREITO SIMPLES, EM MADEIRA SERRADA, 2 UTILIZAÇÕES. AF_09/2020 | D47: m2 | E47: =MEMORIAL!F42 -> 62.61 | F47: =ROUND(AU47,2) -> 0 | G47: =F47*E47 -> 0 | H47: 223.4 | I47: 0.3325
B48: Subtotal | G48: =SUM(G41:G47) -> 0
A49: 4 | B49: PAREDES E PAINÉIS
A50: 4.1 | B50: ALVENARIA DE VEDAÇÃO EMPREGANDO ARGAMASSA DE CIMENTO, CAL E AREIA
A51: 4.1.1 | B51: SINAPI 103329 | C51: ALVENARIA DE VEDAÇÃO DE BLOCOS CERÂMICOS FURADOS NA HORIZONTAL DE 9X19X19 CM (ESPESSURA 9 CM) E ARGAMASSA DE ASSENTAMENTO COM PREPARO MANUAL . AF_12/2021 | D51: m2 | E51: =MEMORIAL!F45 -> 195.35 | F51: =ROUND(AU51,2) -> 0 | G51: =F51*E51 -> 0 | H51: 91.95 | I51: 0.3325
A52: 4.1.2 | B52: SINAPI 101966 | C52: CHAPIM SOBRE MUROS LINEARES, EM GRANITO OU MÁRMORE, L = 25 CM, ASSENTADO COM ARGAMASSA 1:6 COM ADITIVO. AF_11/2020 | D52: m | E52: =MEMORIAL!F46 -> 19.2 | F52: =ROUND(AU52,2) -> 0 | G52: =F52*E52 -> 0 | H52: 86.87 | I52: 0.3325
B53: Subtotal | G53: =G51+G52 -> 0
A54: 5 | B54: ESQUADRIAS
A55: 5.1 | B55: ESQUADRIAS DE MADEIRA
A56: 5.1.1 | B56: SINAPI 91314 | C56: KIT DE PORTA DE MADEIRA PARA PINTURA, SEMI-OCA (LEVE OU MÉDIA), PADRÃO POPULAR, 80X210CM, ESPESSURA DE 3,5CM, ITENS INCLUSOS: DOBRADIÇAS, MONTAGEM E INSTALAÇÃO DO BATENTE, FECHADURA COM EXECUÇÃO DO FURO - FORNECIMENTO E INSTALAÇÃO. AF_12/2019 | D56: und | E56: =MEMORIAL!F49 -> 2 | F56: =ROUND(AU56,2) -> 0 | G56: =F56*E56 -> 0 | H56: 848.91 | I56: 0.3325
A57: 5.1.2 | B57: SINAPI 91313 | C57: KIT DE PORTA DE MADEIRA PARA PINTURA, SEMI-OCA (LEVE OU MÉDIA), PADRÃO POPULAR, 70X210CM, ESPESSURA DE 3,5CM, ITENS INCLUSOS: DOBRADIÇAS, MONTAGEM E INSTALAÇÃO DO BATENTE, FECHADURA COM EXECUÇÃO DO FURO - FORNECIMENTO E INSTALAÇÃO. AF_12/2019 | D57: und | E57: =MEMORIAL!F50 -> 2 | F57: =ROUND(AU57,2) -> 0 | G57: =F57*E57 -> 0 | H57: 807.87 | I57: 0.3325
B58: Subtotal | G58: =G56+G57 -> 0
A59: 5.2 | B59: ESQUADRIAS METÁLICAS
A60: 5.2.1 | B60: SINAPI 94569 | C60: JANELA DE ALUMÍNIO TIPO MAXIM-AR, COM VIDROS, BATENTE E FERRAGENS. EXCLUSIVE ALIZAR, ACABAMENTO E CONTRAMARCO. FORNECIMENTO E INSTALAÇÃO. AF_12/2019 | D60: m² | E60: =MEMORIAL!F52 -> 0.96 | F60: =ROUND(AU60,2) -> 0 | G60: =F60*E60 -> 0 | H60: 614.3 | I60: 0.3325
A61: 5.2.2 | B61: SINAPI 94570 | C61: JANELA DE ALUMÍNIO DE CORRER COM 2 FOLHAS PARA VIDROS, COM VIDROS, BATENTE, ACABAMENTO COM ACETATO OU BRILHANTE E FERRAGENS. EXCLUSIVE ALIZAR E CONTRAMARCO. FORNECIMENTO E INSTALAÇÃO. AF_12/2019 | D61: m² | E61: =MEMORIAL!F53 -> 13.44 | F61: =ROUND(AU61,2) -> 0 | G61: =F61*E61 -> 0 | H61: 323.54 | I61: 0.3325
A62: 5.2.3 | B62: SINAPI 102183 | C62: PORTA PIVOTANTE DE VIDRO TEMPERADO, 2 FOLHAS DE 90X210 CM, ESPESSURA DE 10MM, INCLUSIVE ACESSÓRIOS. AF_01/2021 | D62: m² | E62: =MEMORIAL!F54 -> 1 | F62: =ROUND(AU62,2) -> 0 | G62: =F62*E62 -> 0 | H62: 2442.54 | I62: 0.3325
B63: Subtotal | G63: =SUM(G60:G62) -> 0
A64: 6 | B64: COBERTURA
A65: 6.1 | B65: ESTRUTURA PARA TELHADO
A66: 6.1.1 | B66: DER - ES 200738 | C66: Estrut. metálica p/ quadra poliesp. coberta constituída por perfis formados a frio, aço estrutural ASTM A-570 G33 (terças) ASTM A-36 (demais perfis) c/ o sistema de trat. e pint conf descrito em notas da planilha | D66: kg | E66: =MEMORIAL!F57 -> 1125.9 | F66: =ROUND(AU66,2) -> 0 | G66: =F66*E66 -> 0 | H66: 34.36 | I66: 0.3325
A67: 6.1.2 | B67: SINAPI 100326 | C67: CUMEEIRA NORMAL PARA TELHA TRAPEZOIDAL DE AÇO, E = 0,5 MM, INCLUSO ACESSÓRIOS DE FIXAÇÃO E IÇAMENTO. AF_07/2019 | D67: m | E67: =MEMORIAL!F58 -> 12 | F67: =ROUND(AU67,2) -> 0 | G67: =F67*E67 -> 0 | H67: 19.25 | I67: 1.3325
A68: 6.1.3 | B68: SINAPI 94213 | C68: TELHA TERMOISOLANTE REVESTIDA EM ACO GALVANIZADO, FACE SUPERIOR EM TELHA TRAPEZOIDAL E FACE INFERIOR EM CHAPA PLANA (SEM ACESSORIOS DE FIXACAO), REVESTIMENTO COM ESPESSURA DE 0,50 MM COM PINTUIRA AMADEIRADA NA FANCE LISA E FACE TRAPEZOIDAL GALVANIZADA, NUCLEO EM POLIESTIRENO (EPS) DE 30 MM | D68: m² | E68: =MEMORIAL!F59 -> 132.58 | F68: =ROUND(AU68,2) -> 0 | G68: =F68*E68 -> 0 | H68: 182.62 | I68: 0.3325
A69: 6.1.4 | B69: SINAPI 94227 | C69: CALHA EM CHAPA DE AÇO GALVANIZADO NÚMERO 24, DESENVOLVIMENTO DE 33 CM, INCLUSO TRANSPORTE VERTICAL. AF_07/2019 | D69: m | E69: =MEMORIAL!F60 -> 12.55 | F69: =ROUND(AU69,2) -> 0 | G69: =F69*E69 -> 0 | H69: 59.25 | I69: 0.3325
A70: 6.1.5 | B70: SINAPI 89578 | C70: TUBO PVC, SÉRIE R, ÁGUA PLUVIAL, DN 100 MM, FORNECIDO E INSTALADO EM CONDUTORES VERTICAIS DE ÁGUAS PLUVIAIS. AF_06/2022 | D70: m | E70: =MEMORIAL!F61 -> 5 | F70: =ROUND(AU70,2) -> 0 | G70: =F70*E70 -> 0 | H70: 41.51 | I70: 0.3325
B71: Subtotal | G71: =SUM(G66:G70) -> 0
A72: 7 | B72: REVESTIMENTO DE PAREDES
A73: 7.1 | B73: REVESTIMENTO COM ARGAMASSA
A74: 7.1.1 | B74: SINAPI 87905 | C74: CHAPISCO APLICADO EM ALVENARIA (COM PRESENÇA DE VÃOS) E ESTRUTURAS DE CONCRETO DE FACHADA, COM COLHER DE PEDREIRO. ARGAMASSA TRAÇO 1:3 COM PREPARO EM BETONEIRA 400L. AF_10/2022 | D74: m2 | E74: =MEMORIAL!F64 -> 446.94 | F74: =ROUND(AU74,2) -> 0 | G74: =F74*E74 -> 0 | H74: 8.35 | I74: 0.3325
A75: 7.1.2 | B75: SINAPI 87775 | C75: EMBOÇO OU MASSA ÚNICA EM ARGAMASSA TRAÇO 1:2:8, PREPARO MECÂNICO COM BETONEIRA 400 L, APLICADA MANUALMENTE EM PANOS DE FACHADA COM PRESENÇA DE VÃOS, ESPESSURA DE 25 MM. AF_08/2022 | D75: m2 | E75: =MEMORIAL!F65 -> 446.94 | F75: =ROUND(AU75,2) -> 0 | G75: =F75*E75 -> 0 | H75: 57.66 | I75: 0.3325
B76: Subtotal | G76: =SUM(G74:G75) -> 0
A77: 8 | B77: PISOS INTERNOS E EXTERNOS
A78: 8.1 | B78: LASTRO DE CONTRAPISO
A79: 8.1.1 | B79: SINAPI 95241 | C79: LASTRO DE CONCRETO MAGRO, APLICADO EM PISOS, LAJES SOBRE SOLO OU RADIE RS, ESPESSURA DE 5 CM. AF_01/2024 | D79: m2 | E79: =MEMORIAL!F68 -> 137.42 | F79: =ROUND(AU79,2) -> 0 | G79: =F79*E79 -> 0 | H79: 36.36 | I79: 0.3325
A80: 8.1.2 | B80: SINAPI 87620 | C80: CONTRAPISO EM ARGAMASSA TRAÇO 1:4 (CIMENTO E AREIA), PREPARO MECÂNICO COM BETONEIRA 400 L, APLICADO EM ÁREAS SECAS SOBRE LAJE, ADERIDO, ACABAMENTO NÃO REFORÇADO, ESPESSURA 2CM. AF_07/2021 | D80: m2 | E80: =MEMORIAL!F69 -> 137.42 | F80: =ROUND(AU80,2) -> 0 | G80: =F80*E80 -> 0 | H80: 29.8 | I80: 0.3325
B81: Subtotal | G81: =SUM(G79:G80) -> 0
A82: 9 | B82: ACABAMENTOS
A83: 9.1 | B83: SINAPI 104162 | C83: PISO EM GRANILITE, MARMORITE OU GRANITINA EM AMBIENTES INTERNOS, COM ESPESSURA DE 8 MM, INCLUSO MISTURA EM BETONEIRA, COLOCAÇÃO DAS JUNTAS, APLICAÇÃO DO PISO, 4 POLIMENTOS COM POLITRIZ, ESTUCAMENTO, SELADOR E CERA. AF_06/2022 | D83: m2 | E83: =MEMORIAL!F71 -> 106.75 | F83: =ROUND(AU83,2) -> 0 | G83: =F83*E83 -> 0 | H83: 88.88 | I83: 0.3325
A84: 9.2 | B84: CPU | C84: Pedra São Tomé filetada, utilizando dupla colagem de argamassa colante tipo ACIII e rejunte 1mm. | D84: m2 | E84: =MEMORIAL!F72 -> 36.64 | F84: =ROUND(AU84,2) -> 0 | G84: =F84*E84 -> 0 | H84: =CPU!H35 -> 134.00018 | I84: 0.3325
A85: 9.3 | B85: SINAPI 87273 | C85: REVESTIMENTO CERÂMICO PARA PAREDES INTERNAS COM PLACAS TIPO ESMALTADA EXTRA DE DIMENSÕES 33X45 CM APLICADAS NA ALTURA INTEIRA DAS PAREDES. AF_02/2023_PE | D85: m2 | E85: =MEMORIAL!F73 -> 62.47 | F85: =ROUND(AU85,2) -> 0 | G85: =F85*E85 -> 0 | H85: 59.85 | I85: 0.3325
A86: 9.2 | B86: DEGRAUS, RODAPÉS, SOLEIRAS E PEITORIS
A87: 9.2.1 | B87: SINAPI 101741 | C87: RODAPÉ EM MARMORITE, ALTURA 10CM. AF_09/2020 | D87: m | E87: =MEMORIAL!F75 -> 32.8 | F87: =ROUND(AU87,2) -> 0 | G87: =F87*E87 -> 0 | H87: 24.98 | I87: 0.3325
A88: 9.2.2 | B88: SINAPI 101965 | C88: PEITORIL LINEAR EM GRANITO OU MÁRMORE, L = 15CM, COMPRIMENTO DE ATÉ 2M, ASSENTADO COM ARGAMASSA 1:6 COM ADITIVO. AF_11/2020 | D88: m | E88: =MEMORIAL!F76 -> 13.25 | F88: =ROUND(AU88,2) -> 0 | G88: =F88*E88 -> 0 | H88: 82.29 | I88: 0.3325
B89: Subtotal | G89: =SUM(G83:G88) -> 0
A90: 10 | B90: INSTALAÇÕES HIDRO-SANITÁRIAS
A91: 10.1 | B91: DER - ES 140701 | C91: Ponto de água fria (lavatório, tanque, pia de cozinha, etc...) | D91: pt | E91: =MEMORIAL!F78 -> 3 | F91: =ROUND(AU91,2) -> 0 | G91: =F91*E91 -> 0 | H91: 110.75 | I91: 0.3325
A92: 10.2 | B92: DER - ES 140702 | C92: Ponto com registro de pressão (chuveiro, caixa de descarga, etc...) | D92: pt | E92: =MEMORIAL!F79 -> 4 | F92: =ROUND(AU92,2) -> 0 | G92: =F92*E92 -> 0 | H92: 240.39 | I92: 0.3325
A93: 10.3 | B93: DER - ES 140705 | C93: Ponto para esgoto primário (vaso sanitário) | D93: pt | E93: =MEMORIAL!F80 -> 2 | F93: =ROUND(AU93,2) -> 0 | G93: =F93*E93 -> 0 | H93: 129.03 | I93: 0.3325
A94: 10.4 | B94: DER - ES 140706 | C94: Ponto para esgoto secundário (pia, lavatório, mictório, tanque, bidê, etc...) | D94: pt | E94: =MEMORIAL!F81 -> 3 | F94: =ROUND(AU94,2) -> 0 | G94: =F94*E94 -> 0 | H94: 99.94 | I94: 0.3325
A95: 10.5 | B95: DER - ES 140707 | C95: Ponto para caixa sifonada, inclusive caixa sifonada pvc 150x150x50mm com grelha em pvc | D95: pt | E95: =MEMORIAL!F82 -> 3 | F95: =ROUND(AU95,2) -> 0 | G95: =F95*E95 -> 0 | H95: 186 | I95: 0.3325
A96: 10.6 | B96: SINAPI 98102 | C96: CAIXA DE GORDURA SIMPLES, CIRCULAR, EM CONCRETO PRÉ-MOLDADO, DIÂMETRO INTERNO = 0,4 M, ALTURA INTERNA = 0,4 M. AF_12/2020 | D96: und | E96: =MEMORIAL!F83 -> 1 | F96: =ROUND(AU96,2) -> 0 | G96: =F96*E96 -> 0 | H96: 172.08 | I96: 0.3325
A97: 10.7 | B97: SINAPI 89709 | C97: RALO SIFONADO, PVC, DN 100 X 40 MM, JUNTA SOLDÁVEL, FORNECIDO E INSTALADO EM RAMAL DE DESCARGA OU EM RAMAL DE ESGOTO SANITÁRIO. AF_08/20223 | D97: und | E97: =MEMORIAL!F84 -> 5 | F97: =ROUND(AU97,2) -> 0 | G97: =F97*E97 -> 0 | H97: 22.37 | I97: 0.3325
A98: 10.8 | B98: SINAPI 98062 | C98: SUMIDOURO CIRCULAR, EM CONCRETO PRÉ-MOLDADO, DIÂMETRO INTERNO = 1,88 M, ALTURA INTERNA = 2,00 M, ÁREA DE INFILTRAÇÃO: 13,1 M² (PARA 5 CONTRIBUINTES). AF_12/2020_PA | D98: und | E98: =MEMORIAL!F85 -> 1 | F98: =ROUND(AU98,2) -> 0 | G98: =F98*E98 -> 0 | H98: 3012.93 | I98: 0.3325
A99: 10.9 | B99: SINAPI 98052 | C99: TANQUE SÉPTICO CIRCULAR, EM CONCRETO PRÉ-MOLDADO, DIÂMETRO INTERNO = 1,10 M, ALTURA INTERNA = 2,50 M, VOLUME ÚTIL: 2138,2 L (PARA 5 CONTRIBUINTES). AF_12/2020_PA | D99: und | E99: =MEMORIAL!F86 -> 1 | F99: =ROUND(AU99,2) -> 0 | G99: =F99*E99 -> 0 | H99: 2032.05 | I99: 0.3325
A100: 10.10 | B100: SINAPI 102605 | C100: CAIXA D´ÁGUA EM POLIETILENO, 500 LITROS - FORNECIMENTO E INSTALAÇÃO. AF_06/2021 | D100: und | E100: =MEMORIAL!F87 -> 1 | F100: =ROUND(AU100,2) -> 0 | G100: =F100*E100 -> 0 | H100: 296.04 | I100: 0.3325
...

Sheet MEMORIAL
A1: PREFEITURA MUNICIPAL DE VARGEM ALTA - ESPIRITO SANTO
A2: ESTADO DO ESPÍRITO SANTO
A3: =PLANILHA!A3 -> OBRA: CONSTRUÇÃO DE CAPELA MORTUÁRIA
A4: =PLANILHA!A4 -> LOCAL: CASTELINHO - VARGEM ALTA - ES
A5: REFERÊNCIA | C5: DESCRIÇÃO | D5: MEMÓRIA | E5: UNID. | F5: QUANT.
A6: ÍTEM | B6: CÓDIGO
A7: =PLANILHA!A8 -> 1 | B7: SERVIÇOS PRELIMINARES
A8: =PLANILHA!A9 -> 1.1 | B8: INSTALAÇÃO DO CANTEIRO DE OBRAS
A9: =PLANILHA!A10 -> 1.1.1 | B9: =PLANILHA!B10 -> SINAPI 103689 | C9: =PLANILHA!C10 -> FORNECIMENTO E INSTALAÇÃO DE PLACA DE OBRA COM CHAPA GALVANIZADA E ESTRUTURA DE MADEIRA. AF_03/2022_PS | D9: 2m x 3m = 6 m² | E9: m2 | F9: 6
A10: =PLANILHA!A11 -> 1.1.2 | B10: =PLANILHA!B11 -> DER - ES 020713 | C10: =PLANILHA!C11 -> Rede de luz, incl. padrão entrada de energia trifás., cabo de ligação até barracões, quadro de distrib., disj. E chave de força (quando necessário), cons. 20m entre padrão entrada e QDG, conf. projeto (1 utilização | D10: 15 metros | E10: m | F10: 15
A11: =PLANILHA!A12 -> 1.1.3 | B11: =PLANILHA!B12 -> DER - ES 020712 | C11: =PLANILHA!C12 -> Rede de água com padrão de entrada d'água diâm. 3/4", conf. espec. CESAN, incl. tubos e conexões para alimentação, distribuição, extravasor e limpeza, cons. o padrão a 25m, conf. projeto (1 utilização) | D11: 15 metros | E11: m | F11: 15
A12: =PLANILHA!A13 -> 1.1.4 | B12: =PLANILHA!B13 -> DER - ES 020702 | C12: =PLANILHA!C13 -> Barracão para almoxarifado área de 10.90m2, de chapa de compensado de 12mm e pontalete 8x8cm, piso cimentado e cobertura de telhas de fibrocimento de 6mm, incl. ponto de luz, conf. projeto (1 utilização) | D12: 2,80 x 3,90 = 10,90m² | E12: m2 | F12: 10.9
A13: =PLANILHA!A14 -> 1.1.5 | B13: =PLANILHA!B14 -> DER - ES 010501 | C13: =PLANILHA!C14 -> Locação de obra com gabarito de madeira | D13: Conforme projeto arquitetônico = 115,85m2 | E13: m2 | F13: 115.85
A14: =PLANILHA!A15 -> 1.1.6 | B14: =PLANILHA!B15 -> DER - ES 020350 | C14: =PLANILHA!C15 -> Tapume Telha Metálica Ondulada em aço galvalume 0,50mm Branca h=2,20m, incl. montagem estr. mad. 8"x8", c/adesivo "DER-ES" 60x60cm a cada 10m, incl. faixas pint. esmalte sint. cores azul c/ h=30cm e rosa c/ h=10cm (Reaproveitamento 2x) | D14: 14,50 + 14,15 + 14,50 + 14,15 = 57,30m | E14: m | F14: =(14.5+14.15)*2 -> 57.3
A15: =PLANILHA!A17 -> 2 | B15: MOVIMENTO DE TERRA
A16: =PLANILHA!A18 -> 2.1 | B16: ESCAVAÇÕES
A17: =PLANILHA!A19 -> 2.1.1 | B17: =PLANILHA!B19 -> SINAPI 96523 | C17: =PLANILHA!C19 -> ESCAVAÇÃO MANUAL PARA BLOCO DE COROAMENTO OU SAPATA (INCLUINDO ESCAVAÇÃO PARA COLOCAÇÃO DE FÔRMAS). AF_01/2024 | D17: SAPATAS: S1/S4/S11/S12 - 1,15x1,00x1,50=1,72x4= 6,90m³ S2/S3/S6/S13/S15 - 1,15X1,30X1,50= 2,24x5= 11,21m³ S5/S10 - 1,00x0,85x1,50=1,27x2= 6,37m³ S7/S8/S14/S16/S17 - 1,20x1,35x1,50=2,43x5= 12,15m³ S9 - 1,05x1,20x1,50=1,84m³ TOTAL= 38,47m³ - os valores constam no projeto estrutural - PRANCHA 01/04 | E17: m³ | F17: 38.47
A18: =PLANILHA!A20 -> 2.1.2 | B18: =PLANILHA!B20 -> SINAPI 93382 | C18: =PLANILHA!C20 -> REATERRO MANUAL DE VALAS, COM COMPACTADOR DE SOLOS DE PERCUSSÃO. AF_08/2023 | D18: 38,47m² (escavação das sapatas) - 8,78m³ (total de concreto das sapatas e pilaretes) = 29,74m³ para reaterro | E18: m3 | F18: 29.74
A19: =PLANILHA!A22 -> 3 | B19: ESTRUTURAS
A20: =PLANILHA!A23 -> 3.1 | B20: INFRA-ESTRUTURA (FUNDAÇÃO)
A21: =PLANILHA!A24 -> 3.1.1 | B21: =PLANILHA!B24 -> SINAPI 94971 | C21: =PLANILHA!C24 -> CONCRETO FCK = 25MPA, TRAÇO 1:2,3:2,7 (EM MASSA SECA DE CIMENTO/ AREIA MÉDIA/ BRITA 1) - PREPARO MECÂNICO COM BETONEIRA 600 L. AF_05/2021 | D21: Valores conforme projeto estrutural - | E21: m3 | F21: 13.57
A22: =PLANILHA!A25 -> 3.1.2 | B22: =PLANILHA!B25 -> SINAPI 96538 | C22: =PLANILHA!C25 -> FABRICAÇÃO, MONTAGEM E DESMONTAGEM DE FÔRMA PARA SAPATA, EM CHAPA DE MADEIRA COMPENSADA RESINADA, E=17 MM, 2 UTILIZAÇÕES. AF_01/2024 | D22: Valores conforme projeto estrutural - | E22: m2 | F22: 48.81
A23: =PLANILHA!A26 -> 3.1.3 | B23: =PLANILHA!B26 -> SINAPI 96539 | C23: =PLANILHA!C26 -> FABRICAÇÃO, MONTAGEM E DESMONTAGEM DE FÔRMA PARA VIGA BALDRAME, EM CHAPA DE MADEIRA COMPENSADA RESINADA, E=17 MM, 2 UTILIZAÇÕES. AF_01/2024 | D23: Valores conforme projeto estrutural - | E23: m² | F23: 77.52
A24: =PLANILHA!A27 -> 3.1.4 | B24: =PLANILHA!B27 -> SINAPI 104917 | C24: =PLANILHA!C27 -> ARMAÇÃO DE SAPATA ISOLADA, VIGA BALDRAME E SAPATA CORRIDA UTILIZANDO AÇO CA-50 DE 6.3 MM - MONTAGEM. AF_01/2024 | D24: Valores conforme projeto estrutural | E24: Kg | F24: 14.4
A25: =PLANILHA!A28 -> 3.1.5 | B25: =PLANILHA!B28 -> SINAPI 104918 | C25: =PLANILHA!C28 -> ARMAÇÃO DE SAPATA ISOLADA, VIGA BALDRAME E SAPATA CORRIDA UTILIZANDO AÇO CA-50 DE 8 MM - MONTAGEM. AF_01/2024 | D25: Valores conforme projeto estrutural - | E25: Kg | F25: 283.2
A26: =PLANILHA!A29 -> 3.1.6 | B26: =PLANILHA!B29 -> SINAPI 104919 | C26: =PLANILHA!C29 -> ARMAÇÃO DE SAPATA ISOLADA, VIGA BALDRAME E SAPATA CORRIDA UTILIZANDO AÇO CA-50 DE 10 MM - MONTAGEM. AF_01/2024 | D26: Valores conforme projeto estrutural - | E26: Kg | F26: 245.7
A27: =PLANILHA!A30 -> 3.1.7 | B27: =PLANILHA!B30 -> SINAPI 104920 | C27: =PLANILHA!C30 -> ARMAÇÃO DE BLOCO, SAPATA ISOLADA, VIGA BALDRAME E SAPATA CORRIDA UTILIZANDO AÇO CA-50 DE 12,5 MM - MONTAGEM. AF_01/2024 | D27: Valores conforme projeto estrutural - | E27: Kg | F27: 87.9
A28: =PLANILHA!A31 -> 3.1.8 | B28: =PLANILHA!B31 -> SINAPI 104916 | C28: =PLANILHA!C31 -> ARMAÇÃO DE SAPATA ISOLADA, VIGA BALDRAME E SAPATA CORRIDA UTILIZANDO AÇO CA-60 DE 5 MM - MONTAGEM. AF_01/2024 | D28: Valores conforme projeto estrutural - | E28: Kg | F28: 98
A29: =PLANILHA!A33 -> 3.2 | B29: SUPER-ESTRUTURA (PILARES)
A30: =PLANILHA!A34 -> 3.2.1 | B30: =PLANILHA!B34 -> SINPI 103672 | C30: =PLANILHA!C34 -> CONCRETAGEM DE PILARES, FCK = 25 MPA, COM USO DE BOMBA - LANÇAMENTO, ADENSAMENTO E ACABAMENTO. AF_02/2022_PS | D30: Valores conforme projeto estrutural - | E30: m³ | F30: 2.22
A31: =PLANILHA!A35 -> 3.2.2 | B31: =PLANILHA!B35 -> SINAPI 92762 | C31: =PLANILHA!C35 -> ARMAÇÃO DE PILAR OU VIGA DE ESTRUTURA CONVENCIONAL DE CONCRETO ARMADO UTILIZANDO AÇO CA-50 DE 10,0 MM - MONTAGEM. AF_06/2022 | D31: Valores conforme projeto estrutural - | E31: Kg | F31: 94.96
A32: =PLANILHA!A36 -> 3.2.3 | B32: =PLANILHA!B36 -> SINAPI 92763 | C32: =PLANILHA!C36 -> ARMAÇÃO DE PILAR OU VIGA DE ESTRUTURA CONVENCIONAL DE CONCRETO ARMADO UTILIZANDO AÇO CA-50 DE 12,5 MM - MONTAGEM. AF_06/2022 | D32: Valores conforme projeto estrutural - | E32: Kg | F32: 98.61
A33: =PLANILHA!A37 -> 3.2.4 | B33: =PLANILHA!B37 -> SINAPI 92759 | C33: =PLANILHA!C37 -> ARMAÇÃO DE PILAR OU VIGA DE ESTRUTURA CONVENCIONAL DE CONCRETO ARMADO UTILIZANDO AÇO CA-60 DE 5,0 MM - MONTAGEM. AF_06/2022 | D33: Valores conforme projeto estrutural - | E33: Kg | F33: 48.89
A34: =PLANILHA!A38 -> 3.2.5 | B34: =PLANILHA!B38 -> SINAPI 92415 | C34: =PLANILHA!C38 -> MONTAGEM E DESMONTAGEM DE FÔRMA DE PILARES RETANGULARES E ESTRUTURAS SIMILARES, PÉ-DIREITO SIMPLES, EM CHAPA DE MADEIRA COMPENSADA RESINADA, 2 UTILIZAÇÕES. AF_09/2020 | D34: Valores conforme projeto estrutural - | E34: m² | F34: 44.55
A35: =PLANILHA!A40 -> 3.3 | B35: LAJES E VIGAS
A36: =PLANILHA!A41 -> 3.3.1 | B36: =PLANILHA!B41 -> SINAPI 103675 | C36: =PLANILHA!C41 -> CONCRETAGEM DE VIGAS E LAJES, FCK=25 MPA, PARA LAJES MACIÇAS OU NERVURADAS COM USO DE BOMBA - LANÇAMENTO, ADENSAMENTO E ACABAMENTO. AF_02/2022_PS | D36: Valor conforme projeto estrutural | E36: m² | F36: 7.6
A37: =PLANILHA!A42 -> 3.3.2 | B37: =PLANILHA!B42 -> SINAPI 92769 | C37: =PLANILHA!C42 -> ARMAÇÃO DE LAJE DE ESTRUTURA CONVENCIONAL DE CONCRETO ARMADO UTILIZANDO AÇO CA-50 DE 6,3 MM - MONTAGEM. AF_06/2022 | D37: Valores conforme projeto estrutural | E37: kg | F37: 10.1
A38: =PLANILHA!A43 -> 3.3.3 | B38: =PLANILHA!B43 -> SINAPI 92770 | C38: =PLANILHA!C43 -> ARMAÇÃO DE LAJE DE ESTRUTURA CONVENCIONAL DE CONCRETO ARMADO UTILIZANDO AÇO CA-50 DE 8,0 MM - MONTAGEM. AF_06/2022 | D38: Valores conforme projeto estrutural - | E38: kg | F38: 120.9
A39: =PLANILHA!A44 -> 3.3.4 | B39: =PLANILHA!B44 -> SINAPI 92771 | C39: =PLANILHA!C44 -> ARMAÇÃO DE LAJE DE ESTRUTURA CONVENCIONAL DE CONCRETO ARMADO UTILIZANDO AÇO CA-50 DE 10,0 MM - MONTAGEM. AF_06/202 | D39: Valores conforme projeto estrutural - | E39: kg | F39: 23.75
A40: =PLANILHA!A45 -> 3.3.5 | B40: =PLANILHA!B45 -> SINAPI 92768 | C40: =PLANILHA!C45 -> ARMAÇÃO DE LAJE DE ESTRUTURA CONVENCIONAL DE CONCRETO ARMADO UTILIZANDO AÇO CA-60 DE 5,0 MM - MONTAGEM. AF_06/2022 | D40: Valores conforme projeto estrutural - | E40: Kg | F40: 108.85
A41: =PLANILHA!A46 -> 3.3.6 | B41: =PLANILHA!B46 -> SINAPI 92484 | C41: =PLANILHA!C46 -> MONTAGEM E DESMONTAGEM DE FÔRMA DE LAJE MACIÇA, PÉ-DIREITO SIMPLES, EM MADEIRA SERRADA, 2 UTILIZAÇÕES. AF_09/2020 | D41: Valor conforme projeto estrutural - PRANCHA 04/04 | E41: m2 | F41: 41.45
A42: =PLANILHA!A47 -> 3.3.7 | B42: =PLANILHA!B47 -> SINAPI 92447 | C42: =PLANILHA!C47 -> MONTAGEM E DESMONTAGEM DE FÔRMA DE VIGA, ESCORAMENTO COM PONTALETE DE MADEIRA, PÉ-DIREITO SIMPLES, EM MADEIRA SERRADA, 2 UTILIZAÇÕES. AF_09/2020 | D42: Valor conforme projeto estrutural - PRANCHA 04/04 | E42: m2 | F42: 62.61
A43: =PLANILHA!A49 -> 4 | B43: PAREDES E PAINÉIS
A44: =PLANILHA!A50 -> 4.1 | B44: ALVENARIA DE VEDAÇÃO EMPREGANDO ARGAMASSA DE CIMENTO, CAL E AREIA
A45: =PLANILHA!A51 -> 4.1.1 | B45: =PLANILHA!B51 -> SINAPI 103329 | C45: =PLANILHA!C51 -> ALVENARIA DE VEDAÇÃO DE BLOCOS CERÂMICOS FURADOS NA HORIZONTAL DE 9X19X19 CM (ESPESSURA 9 CM) E ARGAMASSA DE ASSENTAMENTO COM PREPARO MANUAL . AF_12/2021 | D45: (45,98 + 45,98 + 29,44+ 29,44 + 9,50 + 9,50+9,50 +16,00+ TOTAL: 195,35m² | E45: m2 | F45: 195.35
A46: =PLANILHA!A52 -> 4.1.2 | B46: =PLANILHA!B52 -> SINAPI 101966 | C46: =PLANILHA!C52 -> CHAPIM SOBRE MUROS LINEARES, EM GRANITO OU MÁRMORE, L = 25 CM, ASSENTADO COM ARGAMASSA 1:6 COM ADITIVO. AF_11/2020 | D46: (1,60*7,00) + (0,80*2) + 6,40 =19,20 m | E46: m | F46: 19.2
A47: =PLANILHA!A54 -> 5 | B47: ESQUADRIAS
A48: =PLANILHA!A55 -> 5.1 | C48: ESQUADRIAS DE MADEIRA
A49: =PLANILHA!A56 -> 5.1.1 | B49: =PLANILHA!B56 -> SINAPI 91314 | C49: =PLANILHA!C56 -> KIT DE PORTA DE MADEIRA PARA PINTURA, SEMI-OCA (LEVE OU MÉDIA), PADRÃO POPULAR, 80X210CM, ESPESSURA DE 3,5CM, ITENS INCLUSOS: DOBRADIÇAS, MONTAGEM E INSTALAÇÃO DO BATENTE, FECHADURA COM EXECUÇÃO DO FURO - FORNECIMENTO E INSTALAÇÃO. AF_12/2019 | D49: 2 UNIDADES, CONFORME O PRJETO ARQUITETÔNICO. | E49: und | F49: 2
A50: =PLANILHA!A57 -> 5.1.2 | B50: =PLANILHA!B57 -> SINAPI 91313 | C50: =PLANILHA!C57 -> KIT DE PORTA DE MADEIRA PARA PINTURA, SEMI-OCA (LEVE OU MÉDIA), PADRÃO POPULAR, 70X210CM, ESPESSURA DE 3,5CM, ITENS INCLUSOS: DOBRADIÇAS, MONTAGEM E INSTALAÇÃO DO BATENTE, FECHADURA COM EXECUÇÃO DO FURO - FORNECIMENTO E INSTALAÇÃO. AF_12/2019 | D50: 2 UNIDADES, CONFORME O PRJETO ARQUITETÔNICO. | E50: und | F50: 2
A51: =PLANILHA!A59 -> 5.2 | B51: ESQUADRIAS METÁLICAS
A52: =PLANILHA!A60 -> 5.2.1 | B52: =PLANILHA!B60 -> SINAPI 94569 | C52: =PLANILHA!C60 -> JANELA DE ALUMÍNIO TIPO MAXIM-AR, COM VIDROS, BATENTE E FERRAGENS. EXCLUSIVE ALIZAR, ACABAMENTO E CONTRAMARCO. FORNECIMENTO E INSTALAÇÃO. AF_12/2019 | D52: BÁSCULAS: 0,60x0,80=0,48x2 unidades= 0,96m² TOTAL: 0,96M² | E52: m2 | F52: 0.96
A53: =PLANILHA!A61 -> 5.2.2 | B53: =PLANILHA!B61 -> SINAPI 94570 | C53: =PLANILHA!C61 -> JANELA DE ALUMÍNIO DE CORRER COM 2 FOLHAS PARA VIDROS, COM VIDROS, BATENTE, ACABAMENTO COM ACETATO OU BRILHANTE E FERRAGENS. EXCLUSIVE ALIZAR E CONTRAMARCO. FORNECIMENTO E INSTALAÇÃO. AF_12/2019 | D53: JANELAS: 1,60x1,20=1,92x7 undades= 13,44m² TOTAL: 13,44M² | E53: m2 | F53: 13.44
A54: =PLANILHA!A62 -> 5.2.3 | B54: =PLANILHA!B62 -> SINAPI 102183 | C54: =PLANILHA!C62 -> PORTA PIVOTANTE DE VIDRO TEMPERADO, 2 FOLHAS DE 90X210 CM, ESPESSURA DE 10MM, INCLUSIVE ACESSÓRIOS. AF_01/2021 | D54: 1 UNIDADE, CONFORME O PRJETO ARQUITETÔNICO. | E54: und | F54: 1
A55: =PLANILHA!A64 -> 6 | B55: COBERTURA
A56: =PLANILHA!A65 -> 6.1 | B56: ESTRUTURA PARA TELHADO
A57: =PLANILHA!A66 -> 6.1.1 | B57: =PLANILHA!B66 -> DER - ES 200738 | C57: =PLANILHA!C66 -> Estrut. metálica p/ quadra poliesp. coberta constituída por perfis formados a frio, aço estrutural ASTM A-570 G33 (terças) ASTM A-36 (demais perfis) c/ o sistema de trat. e pint conf descrito em notas da planilha | D57: 11 PORTICOS DE 14,60M = 160,00M + 3 PORTICOS DE 6,40M = 19,20M = 179,20M * 6,28KG/M = 1.125,90KG | E57: und | F57: 1125.9
A58: 6.1.2 | B58: SINAPI 100326 | C58: =PLANILHA!C67 -> CUMEEIRA NORMAL PARA TELHA TRAPEZOIDAL DE AÇO, E = 0,5 MM, INCLUSO ACESSÓRIOS DE FIXAÇÃO E IÇAMENTO. AF_07/2019 | D58: Extensao da cobertura:2,00 + 10,00 = 10,00m | E58: m | F58: 12
A59: =PLANILHA!A68 -> 6.1.3 | B59: =PLANILHA!B68 -> SINAPI 94213 | C59: =PLANILHA!C68 -> TELHA TERMOISOLANTE REVESTIDA EM ACO GALVANIZADO, FACE SUPERIOR EM TELHA TRAPEZOIDAL E FACE INFERIOR EM CHAPA PLANA (SEM ACESSORIOS DE FIXACAO), REVESTIMENTO COM ESPESSURA DE 0,50 MM COM PINTUIRA AMADEIRADA NA FANCE LISA E FACE TRAPEZOIDAL GALVANIZADA, NUCLEO EM POLIESTIRENO (EPS) DE 30 MM | D59: ÀREA TOTAL DA COBERTURA, CONFORME O PROJETO DE ESTRUTURA METÁLICA | E59: m2 | F59: 132.58
A60: =PLANILHA!A69 -> 6.1.4 | B60: =PLANILHA!B69 -> SINAPI 94227 | C60: =PLANILHA!C69 -> CALHA EM CHAPA DE AÇO GALVANIZADO NÚMERO 24, DESENVOLVIMENTO DE 33 CM, INCLUSO TRANSPORTE VERTICAL. AF_07/2019 | D60: Extensão da cobertura - 24m, conforme o projeto de estrutura metálica | E60: m | F60: 12.55
A61: =PLANILHA!A70 -> 6.1.5 | B61: =PLANILHA!B70 -> SINAPI 89578 | C61: =PLANILHA!C70 -> TUBO PVC, SÉRIE R, ÁGUA PLUVIAL, DN 100 MM, FORNECIDO E INSTALADO EM CONDUTORES VERTICAIS DE ÁGUAS PLUVIAIS. AF_06/2022 | D61: 5,65m + 0,58m + 0,21m = 6,44m | E61: m | F61: 5
A62: =PLANILHA!A72 -> 7 | B62: REVESTIMENTO DE PAREDES
A63: =PLANILHA!A73 -> 7.1 | B63: REVESTIMENTO COM ARGAMASSA
A64: =PLANILHA!A74 -> 7.1.1 | B64: =PLANILHA!B74 -> SINAPI 87905 | C64: =PLANILHA!C74 -> CHAPISCO APLICADO EM ALVENARIA (COM PRESENÇA DE VÃOS) E ESTRUTURAS DE CONCRETO DE FACHADA, COM COLHER DE PEDREIRO. ARGAMASSA TRAÇO 1:3 COM PREPARO EM BETONEIRA 400L. AF_10/2022 | D64: FACHADA DECORADA: 2,00x4,58=9,16x2= 18,32m² / LADO A: 11,35x3,00=34,05 - (3,84 (2 janelas) + 4,60(porta de entrada do hall))= 34,05-8,44= 25,61m² / LADO B: 9,20x3,00=27,60-(1,68 (porta cozinha)+1,92 (janela quarto))=27,60-3,60= 24m£ / LADO C: 11,35x3,00=34,05-(0,96 (2 básculas) + 3,84 (2 janelas do salão))=34,05-4,80= 29,25m² / LADO D: 9,20x3,00=27,60-3,84 (2 jnaelas do salão)= 23,76m² / PAREDES INTERNAS: 8,90x3,00=26,70-(1,32 (vão do balcão) + 2,40 (vão de entrada da cozinha) + 3,30 (circulação))=26,70-7,02= 19,68m² / 2,90x3,00=8,70x3=26,10-(1,68 (porta do quarto) + 2,94 (portas dos banheiros))=26,10-4,62= 21,48m² / IMB. DO TELHADO: (11,35x2=22,70) + (9,20x2=18,40) + 4,00 + (2,00x2=4,00) = 49,10x1,25= 61,37m² TOTAL: 223,47x2= 446,94m² | E64: m2 | F64: 446.94
A65: =PLANILHA!A75 -> 7.1.2 | B65: =PLANILHA!B75 -> SINAPI 87775 | C65: =PLANILHA!C75 -> EMBOÇO OU MASSA ÚNICA EM ARGAMASSA TRAÇO 1:2:8, PREPARO MECÂNICO COM BETONEIRA 400 L, APLICADA MANUALMENTE EM PANOS DE FACHADA COM PRESENÇA DE VÃOS, ESPESSURA DE 25 MM. AF_08/2022 | D65: FACHADA DECORADA: 2,00x4,58=9,16x2= 18,32m² / LADO A: 11,35x3,00=34,05 - (3,84 (2 janelas) + 4,60(porta de entrada do hall))= 34,05-8,44= 25,61m² / LADO B: 9,20x3,00=27,60-(1,68 (porta cozinha)+1,92 (janela quarto))=27,60-3,60= 24m£ / LADO C: 11,35x3,00=34,05-(0,96 (2 básculas) + 3,84 (2 janelas do salão))=34,05-4,80= 29,25m² / LADO D: 9,20x3,00=27,60-3,84 (2 jnaelas do salão)= 23,76m² / PAREDES INTERNAS: 8,90x3,00=26,70-(1,32 (vão do balcão) + 2,40 (vão de entrada da cozinha) + 3,30 (circulação))=26,70-7,02= 19,68m² / 2,90x3,00=8,70x3=26,10-(1,68 (porta do quarto) + 2,94 (portas dos banheiros))=26,10-4,62= 21,48m² / IMB. DO TELHADO: (11,35x2=22,70) + (9,20x2=18,40) + 4,00 + (2,00x2=4,00) = 49,10x1,25= 61,37m² TOTAL: 223,47x2= 446,94m² | E65: m2 | F65: 446.94
A66: =PLANILHA!A77 -> 8 | B66: PISOS INTERNOS E EXTERNOS
A67: =PLANILHA!A78 -> 8.1 | B67: LASTRO DE CONTRAPISO
A68: =PLANILHA!A79 -> 8.1.1 | B68: =PLANILHA!B79 -> SINAPI 95241 | C68: =PLANILHA!C79 -> LASTRO DE CONCRETO MAGRO, APLICADO EM PISOS, LAJES SOBRE SOLO OU RADIE RS, ESPESSURA DE 5 CM. AF_01/2024 | D68: ÁREA INTERNA: 7,54+10+3,35+71,29+1,75+1,82=95,75m² HALL DE ENTRADA: 11m² CALÇADAS: (1,45x2,69=3,90) + (1,45x2,66=3,85) + (2,65x7,00=18,55) + (0,50x9,20x2=9,20) + (0,50x12,35=6,17) = 41,67m² TOTAL: 137,42m² | E68: m2 | F68: 137.42
A69: =PLANILHA!A80 -> 8.1.2 | B69: =PLANILHA!B80 -> SINAPI 87620 | C69: =PLANILHA!C80 -> CONTRAPISO EM ARGAMASSA TRAÇO 1:4 (CIMENTO E AREIA), PREPARO MECÂNICO COM BETONEIRA 400 L, APLICADO EM ÁREAS SECAS SOBRE LAJE, ADERIDO, ACABAMENTO NÃO REFORÇADO, ESPESSURA 2CM. AF_07/2021 | D69: ÁREA INTERNA: 7,54+10+3,35+71,29+1,75+1,82=95,75m² HALL DE ENTRADA: 11m² CALÇADAS: (1,45x2,69=3,90) + (1,45x2,66=3,85) + (2,65x7,00=18,55) + (0,50x9,20x2=9,20) + (0,50x12,35=6,17) = 41,67m² TOTAL: 137,42m² | E69: m2 | F69: 137.42
A70: =PLANILHA!A82 -> 9 | B70: ACABAMENTOS
A71: =PLANILHA!A83 -> 9.1 | B71: =PLANILHA!B83 -> SINAPI 104162 | C71: =PLANILHA!C83 -> PISO EM GRANILITE, MARMORITE OU GRANITINA EM AMBIENTES INTERNOS, COM ESPESSURA DE 8 MM, INCLUSO MISTURA EM BETONEIRA, COLOCAÇÃO DAS JUNTAS, APLICAÇÃO DO PISO, 4 POLIMENTOS COM POLITRIZ, ESTUCAMENTO, SELADOR E CERA. AF_06/2022 | D71: ÁREA INTERNA: 7,54+10+3,35+71,29+1,75+1,82=95,75m² HALL DE ENTRADA: 11m² TOTAL:106,75m² | E71: m2 | F71: 106.75
A72: =PLANILHA!A84 -> 9.2 | B72: =PLANILHA!B84 -> CPU | C72: =PLANILHA!C84 -> Pedra São Tomé filetada, utilizando dupla colagem de argamassa colante tipo ACIII e rejunte 1mm. | D72: PEDRA SÃO TOMÉ EM FILETE PARA DECORAÇÃO: 2,00x4,58=9,16x4 lados= 36,64m² | E72: m2 | F72: 36.64
A73: =PLANILHA!A85 -> 9.3 | B73: =PLANILHA!B85 -> SINAPI 87273 | C73: =PLANILHA!C85 -> REVESTIMENTO CERÂMICO PARA PAREDES INTERNAS COM PLACAS TIPO ESMALTADA EXTRA DE DIMENSÕES 33X45 CM APLICADAS NA ALTURA INTEIRA DAS PAREDES. AF_02/2023_PE | D73: COZINHA: (2,57x2,85=7,32) + (2,57x2,85=7,32-1,68(porta)=5,64) + (3,05x2,85=8,69) + (2,90x2,85=8,26)= 29,91m² CIRCULAÇÃO: (0,50x2,85=1,42x2=2,85) + (1,10x2,85=3,13)= 5,98m² BANHEIROS: (1,30x2,85=3,70x4=14,82) + (1,35x2,85=3,84-0,48(báscula)=3,36) + (1,40x2,85=3,99-0,48(báscula)=3,51) + (1,35x2,85=3,84-1,47(porta)=2,37) + (1,40x2,85=3,99-1,47=2,52)= 26,58m² TOTAL: 62,47m² | E73: m2 | F73: 62.47
A74: =PLANILHA!A86 -> 9.2 | B74: DEGRAUS, RODAPÉS, SOLEIRAS E PEITORIS
A75: =PLANILHA!A87 -> 9.2.1 | B75: =PLANILHA!B87 -> SINAPI 101741 | C75: =PLANILHA!C87 -> RODAPÉ EM MARMORITE, ALTURA 10CM. AF_09/2020 | D75: (8,90x2=17,80-(0,80+1,10)=17,80-1,90=15,90m) + (2,55x2=5,10-2,90=2,20) + (8,00x2=16-2=14)= 32,80m | E75: m | F75: 32.8
A76: =PLANILHA!A88 -> 9.2.2 | B76: =PLANILHA!B88 -> SINAPI 101965 | C76: =PLANILHA!C88 -> PEITORIL LINEAR EM GRANITO OU MÁRMORE, L = 15CM, COMPRIMENTO DE ATÉ 2M, ASSENTADO COM ARGAMASSA 1:6 COM ADITIVO. AF_11/2020 | D76: Em todas as janelas e básculas; (1,65 m x 7 und) = 11,55 m (0,85 m x 02 und) = 1,70 m Total = 13,25 m | E76: m | F76: 13.25
A77: =PLANILHA!A90 -> 10 | B77: INSTALAÇÕES HIDRO-SANITÁRIAS
A78: =PLANILHA!A91 -> 10.1 | B78: =PLANILHA!B91 -> DER - ES 140701 | C78: =PLANILHA!C91 -> Ponto de água fria (lavatório, tanque, pia de cozinha, etc...) | D78: Conforme projeto hidro-sanitário + 1,00 (ponto de bebedouro) Total 3,00 unidades | E78: pt | F78: 3
A79: =PLANILHA!A92 -> 10.2 | B79: =PLANILHA!B92 -> DER - ES 140702 | C79: =PLANILHA!C92 -> Ponto com registro de pressão (chuveiro, caixa de descarga, etc...) | D79: Conforme projeto hidro-sanitário | E79: pt | F79: 4
A80: =PLANILHA!A93 -> 10.3 | B80: =PLANILHA!B93 -> DER - ES 140705 | C80: =PLANILHA!C93 -> Ponto para esgoto primário (vaso sanitário) | D80: Conforme projeto hidro-sanitário | E80: pt | F80: 2
A81: =PLANILHA!A94 -> 10.4 | B81: =PLANILHA!B94 -> DER - ES 140706 | C81: =PLANILHA!C94 -> Ponto para esgoto secundário (pia, lavatório, mictório, tanque, bidê, etc...) | D81: Conforme projeto hidro-sanitário + 1,00 (ponto de bebedouro) Total 3,00 unidades | E81: pt | F81: 3
A82: =PLANILHA!A95 -> 10.5 | B82: =PLANILHA!B95 -> DER - ES 140707 | C82: =PLANILHA!C95 -> Ponto para caixa sifonada, inclusive caixa sifonada pvc 150x150x50mm com grelha em pvc | D82: Conforme projeto hidro-sanitário | E82: pt | F82: 3
A83: =PLANILHA!A96 -> 10.6 | B83: =PLANILHA!B96 -> SINAPI 98102 | C83: =PLANILHA!C96 -> CAIXA DE GORDURA SIMPLES, CIRCULAR, EM CONCRETO PRÉ-MOLDADO, DIÂMETRO INTERNO = 0,4 M, ALTURA INTERNA = 0,4 M. AF_12/2020 | D83: Conforme projeto hidro-sanitário | E83: und | F83: 1
A84: =PLANILHA!A97 -> 10.7 | B84: =PLANILHA!B97 -> SINAPI 89709 | C84: =PLANILHA!C97 -> RALO SIFONADO, PVC, DN 100 X 40 MM, JUNTA SOLDÁVEL, FORNECIDO E INSTALADO EM RAMAL DE DESCARGA OU EM RAMAL DE ESGOTO SANITÁRIO. AF_08/20223 | D84: Conforme projeto hidro-sanitário | E84: und | F84: 5
A85: =PLANILHA!A98 -> 10.8 | B85: =PLANILHA!B98 -> SINAPI 98062 | C85: =PLANILHA!C98 -> SUMIDOURO CIRCULAR, EM CONCRETO PRÉ-MOLDADO, DIÂMETRO INTERNO = 1,88 M, ALTURA INTERNA = 2,00 M, ÁREA DE INFILTRAÇÃO: 13,1 M² (PARA 5 CONTRIBUINTES). AF_12/2020_PA | D85: Conforme projeto hidro-sanitário | E85: und | F85: 1
A86: =PLANILHA!A99 -> 10.9 | B86: =PLANILHA!B99 -> SINAPI 98052 | C86: =PLANILHA!C99 -> TANQUE SÉPTICO CIRCULAR, EM CONCRETO PRÉ-MOLDADO, DIÂMETRO INTERNO = 1,10 M, ALTURA INTERNA = 2,50 M, VOLUME ÚTIL: 2138,2 L (PARA 5 CONTRIBUINTES). AF_12/2020_PA | D86: Conforme projeto hidro-sanitário | E86: und | F86: 1
A87: =PLANILHA!A100 -> 10.10 | B87: =PLANILHA!B100 -> SINAPI 102605 | C87: =PLANILHA!C100 -> CAIXA D´ÁGUA EM POLIETILENO, 500 LITROS - FORNECIMENTO E INSTALAÇÃO. AF_06/2021 | D87: Conforme projeto hidro-sanitário | E87: und | F87: 1
A88: =PLANILHA!A101 -> 10.11 | B88: =PLANILHA!B101 -> SINAPI 97741 | C88: =PLANILHA!C101 -> KIT CAVALETE PARA MEDIÇÃO DE ÁGUA - ENTRADA INDIVIDUALIZADA, EM PVC DN25 MM (3/4"), PARA 1 MEDIDOR - FORNECIMENTO E INSTALAÇÃO (EXCLUSIVE HIDRÔMETRO). AF_03/2024 | D88: Conforme projeto hidro-sanitário | E88: und | F88: 1
A89: =PLANILHA!A102 -> 10.12 | B89: =PLANILHA!B102 -> SINAPI 95675 | C89: =PLANILHA!C102 -> HIDRÔMETRO DN 3/4", 5,0 M3/H - FORNECIMENTO E INSTALAÇÃO. AF_03/2024 | D89: Conforme projeto hidro-sanitário | E89: und | F89: 1
A90: =PLANILHA!A104 -> 11 | B90: INSTALAÇÕES ELÉTRICAS
A91: =PLANILHA!A105 -> 11.1 | B91: QUADRO DE DISTRIBUIÇÃO
A92: =PLANILHA!A106 -> 11.1.1 | B92: =PLANILHA!B106 -> SINAPI 101875 | C92: =PLANILHA!C106 -> QUADRO DE DISTRIBUIÇÃO DE ENERGIA EM CHAPA DE AÇO GALVANIZADO, DE EMBUTIR, COM BARRAMENTO TRIFÁSICO, PARA 12 DISJUNTORES DIN 100A - FORNECIMENTO E INSTALAÇÃO. AF_10/2020 | D92: 1 unidade, conforme projeto elétrico. | E92: und | F92: 1
A93: =PLANILHA!A107 -> 11.1.2 | B93: =PLANILHA!B107 -> IOPES 151702 | C93: =PLANILHA!C107 -> Padrão de entrada de energia elétrica, bifásico, entrada aérea, a 3 fios, carga instalada em muro de 9001 até 15000W - 220/127V | D93: 1 unidade, conforme projeto elétrico | E93: und | F93: 1
A94: =PLANILHA!A108 -> 11.2 | B94: CAIXAS DE PASSAGEM
A95: =PLANILHA!A109 -> 11.2.1 | B95: =PLANILHA!B109 -> SINAPI 91941 | C95: =PLANILHA!C109 -> CAIXA RETANGULAR 4" X 2" BAIXA (0,30 M DO PISO), PVC, INSTALADA EM PAREDE - FORNECIMENTO E INSTALAÇÃO. AF_03/2023 | D95: 13 unidades, conforme quantitativo do projeto elétrico | E95: und | F95: 13
A96: =PLANILHA!A110 -> 11.2.2 | B96: =PLANILHA!B110 -> SINAPI 92866 | C96: =PLANILHA!C110 -> CAIXA SEXTAVADA 3" X 3", METÁLICA, INSTALADA EM LAJE - FORNECIMENTO E INSTALAÇÃO. AF_03/2023 | D96: 12 unidades, conforme quantitativo do projeto elétrico | E96: und | F96: 12
A97: =PLANILHA!A111 -> 11.2.3 | B97: =PLANILHA!B111 -> DER - ES 150633 | C97: =PLANILHA!C111 -> Caixa de passagem 200x200x100mm, chapa 18, com tampa parafusada | D97: 1 unidade, conforme quantitativo do projeto elétrico | E97: und | F97: 1
A98: =PLANILHA!A112 -> 11.3 | B98: ELETRODUTOS E CONEXÕES
A99: =PLANILHA!A113 -> 11.3.1 | B99: =PLANILHA!B113 -> SINAPI 91845 | C99: =PLANILHA!C113 -> ELETRODUTO FLEXÍVEL CORRUGADO REFORÇADO, PVC, DN 25 MM (3/4"), PARA CIRCUITOS TERMINAIS, INSTALADO EM LAJE - FORNECIMENTO E INSTALAÇÃO. AF_03/2023 | D99: Conforme quantitativo do projeto elétrico | E99: m | F99: 91.95
A100: =PLANILHA!A114 -> 11.3.2 | B100: =PLANILHA!B114 -> SINAPI 91873 | C100: =PLANILHA!C114 -> ELETRODUTO RÍGIDO ROSCÁVEL, PVC, DN 40 MM (1 1/4"), PARA CIRCUITOS TERMINAIS, INSTALADO EM PAREDE - FORNECIMENTO E INSTALAÇÃO. AF_03/2023 | D100: Conforme quantitativo do projeto elétrico | E100: m | F100: 12.95
...

Sheet CRONOGRAMA
A1: PREFEITURA MUNICIPAL DE VARGEM ALTA ESTADO DO ESPÍRITO SANTO
A4: =PLANILHA!A3 -> OBRA: CONSTRUÇÃO DE CAPELA MORTUÁRIA
A5: =PLANILHA!A4 -> LOCAL: CASTELINHO - VARGEM ALTA - ES
A6: CRONOGRAMA FÍSICO - FINANCEIRO COM BARRAS
A7: ITEM | B7: ESPECIFICAÇÃO | D7: VALOR DA OBRA E % FÍSICA | E7: ANDAMENTO EM MESES
E8: 1º MÊS | F8: 2º MÊS | G8: 3 MÊS | H8: 4 MÊS | I8: 5 MÊS | J8: 6º MÊS
A9: =PLANILHA!A8 -> 1 | B9: =PLANILHA!B8 -> SERVIÇOS PRELIMINARES | D9: =PLANILHA!G16 -> 0 | E9: =E11*D9 -> 0
D10: =D9/D61 -> #DIV/0!
E11: 1
A12: =PLANILHA!A17 -> 2 | B12: =PLANILHA!B17 -> MOVIMENTO DE TERRA | D12: =PLANILHA!G21 -> 0 | E12: =E14*D12 -> 0
D13: =D12/D61 -> #DIV/0!
E14: 1
A15: =PLANILHA!A22 -> 3 | B15: =PLANILHA!B22 -> ESTRUTURAS | D15: =PLANILHA!G32+PLANILHA!G39+PLANILHA!G48 -> 0 | E15: =E17*D15 -> 0 | F15: =F17*D15 -> 0 | G15: =G17*D15 -> 0
D16: =D15/D61 -> #DIV/0!
E17: 0.3 | F17: 0.4 | G17: 0.3
A18: =PLANILHA!A49 -> 4 | B18: PAREDES E PAINÉIS | D18: =PLANILHA!G53 -> 0 | G18: =G20*D18 -> 0 | H18: =H20*D18 -> 0
D19: =D18/D61 -> #DIV/0!
G20: 0.6 | H20: 0.4
A21: =PLANILHA!A54 -> 5 | B21: =PLANILHA!B54 -> ESQUADRIAS | D21: =PLANILHA!G58+PLANILHA!G63 -> 0 | H21: =H23*D21 -> 0 | I21: =I23*D21 -> 0
D22: =D21/D61 -> #DIV/0!
H23: 0.3 | I23: 0.7
A24: =PLANILHA!A64 -> 6 | B24: =PLANILHA!B64 -> COBERTURA | D24: =PLANILHA!G71 -> 0 | G24: =G26*D24 -> 0 | H24: =H26*D24 -> 0
D25: =D24/D61 -> #DIV/0!
G26: 0.5 | H26: 0.5
A27: =PLANILHA!A72 -> 7 | B27: REVESTIMENTO DE PAREDES | D27: =PLANILHA!G76 -> 0 | G27: =G29*D27 -> 0 | H27: =H29*D27 -> 0
D28: =D27/D61 -> #DIV/0!
G29: 0.4 | H29: 0.6
A30: =PLANILHA!A77 -> 8 | B30: =PLANILHA!B77 -> PISOS INTERNOS E EXTERNOS | D30: =PLANILHA!G81 -> 0 | H30: =H32*D30 -> 0 | I30: =D30*I32 -> 0
D31: =D30/D61 -> #DIV/0!
H32: 0.3 | I32: 0.7
A33: =PLANILHA!A82 -> 9 | B33: =PLANILHA!B82 -> ACABAMENTOS | D33: =PLANILHA!G89 -> 0 | H33: =H35*D33 -> 0 | I33: =I35*D33 -> 0
D34: =D33/D61 -> #DIV/0!
H35: 0.5 | I35: 0.5
A36: =PLANILHA!A90 -> 10 | B36: =PLANILHA!B90 -> INSTALAÇÕES HIDRO-SANITÁRIAS | D36: =PLANILHA!G103 -> 0 | H36: =H38*D36 -> 0 | I36: =I38*D36 -> 0
D37: =D36/D61 -> #DIV/0!
H38: 0.5 | I38: 0.5
A39: =PLANILHA!A104 -> 11 | B39: =PLANILHA!B104 -> INSTALAÇÕES ELÉTRICAS | D39: =PLANILHA!G136 -> 0 | I39: =I41*D39 -> 0 | J39: =J41*D39 -> 0
D40: =D39/D61 -> #DIV/0!
I41: 0.25 | J41: 0.75
A42: =PLANILHA!A137 -> 12 | B42: =PLANILHA!B137 -> APARELHOS ELÉTRICOS | D42: =PLANILHA!G142 -> 0 | J42: =J44*D42 -> 0
D43: =D42/D61 -> #DIV/0!
J44: 1
A45: =PLANILHA!A143 -> 13 | B45: =PLANILHA!B143 -> SPDA | D45: =PLANILHA!G149 -> 0 | I45: =I47*D45 -> 0 | J45: =J47*D45 -> 0
D46: =D45/D61 -> #DIV/0!
I47: 0.5 | J47: 0.5
A48: =PLANILHA!A150 -> 14 | B48: =PLANILHA!B150 -> APARELHOS HIDRO-SANITÁRIOS | D48: =PLANILHA!G157 -> 0 | I48: =I50*D48 -> 0
D49: =D48/D61 -> #DIV/0!
I50: 1
A51: =PLANILHA!A158 -> 15 | B51: =PLANILHA!B158 -> PINTURA | D51: =PLANILHA!G165 -> 0 | H51: =H53*D51 -> 0 | I51: =I53*D51 -> 0 | J51: =J53*D51 -> 0
D52: =D51/D61 -> #DIV/0!
H53: 0.25 | I53: 0.25 | J53: 0.5
A54: =PLANILHA!A166 -> 16 | B54: =PLANILHA!B166 -> INSTALAÇÕES DE COMBATE À INCÊNDIO | D54: =PLANILHA!G170 -> 0 | J54: =J56*D54 -> 0
D55: =D54/D61 -> #DIV/0!
J56: 1
A57: =PLANILHA!A171 -> 18 | B57: =PLANILHA!B171 -> SERVIÇOS COMPLEMENTARES EXTERNOS E INTERNOS | D57: =PLANILHA!G176 -> 0 | J57: =J59*D57 -> 0
D58: =D57/D61 -> #DIV/0!
J59: 1
B61: TOTAL SIMPLES | D61: =D9+D12+D15+D18+D21+D24+D27+D30+D33+D36+D39+D42+D45+D48+D51+D54+D57 -> 0 | E61: =E9+E12+E15+E18+E21+E24+E27+E30+E33+E36+E39+E42+E45+E48+E51+E54+E57 -> 0 | F61: =F9+F12+F15+F18+F21+F24+F27+F30+F33+F36+F39+F42+F45+F48+F51+F54+F57 -> 0 | G61: =G9+G12+G15+G18+G21+G24+G27+G30+G33+G36+G39+G42+G45+G48+G51+G54+G57 -> 0 | H61: =H9+H12+H15+H18+H21+H24+H27+H30+H33+H36+H39+H42+H45+H48+H51+H54+H57 -> 0 | I61: =I9+I12+I15+I18+I21+I24+I27+I30+I33+I36+I39+I42+I45+I48+I51+I54+I57 -> 0 | J61: =J9+J12+J15+J18+J21+J24+J27+J30+J33+J36+J39+J42+J45+J48+J51+J54+J57 -> 0
B62: TOTAL ACUMULADO | E62: =E61 -> 0 | F62: =F61+E62 -> 0 | G62: =G61+F62 -> 0 | H62: =H61+G62 -> 0 | I62: =I61+H62 -> 0 | J62: =J61+I62 -> 0
B63: % SIMPLES | D63: =D10+D13+D16+D19+D22+D25+D28+D31+D34+D37+D40+D43+D46+D49+D52+D55+D58 -> #DIV/0! | E63: =E61/D61 -> #DIV/0! | F63: =F61/D61 -> #DIV/0! | G63: =G61/D61 -> #DIV/0! | H63: =H61/D61 -> #DIV/0! | I63: =I61/D61 -> #DIV/0! | J63: =J61/D61 -> #DIV/0!
B64: % ACUMULADO | E64: =E63 -> #DIV/0! | F64: =F63+E64 -> #DIV/0! | G64: =G63+F64 -> #DIV/0! | H64: =H63+G64 -> #DIV/0! | I64: =I63+H64 -> #DIV/0! | J64: =J63+I64 -> #DIV/0! | N64: =D61-PLANILHA!G178 -> 0
A66: =MEMORIAL!A160 -> Vargem Alta, 05 de maio de 2025
B72: =PLANILHA!C184 -> ELIESER RABELLO | G72: =PLANILHA!D184 -> LORENÇO FERNANDES AZEREDO
B73: =PLANILHA!C185 -> Prefeito Municipal | G73: =PLANILHA!D185 -> Arquiteto e Urbanista - CAU A 35329-9
B310: GERALDO BRUNORO ESTEVES | H310: JOÃO CHRISÓSTOMO ALTOÉ
B311: CREA-ES 033738/D | H311: PREFEITO MUNICIPAL

Sheet CPU (2)
A1: PREFEITURA MUNICIPAL DE VARGEM ALTA
A3: ESTADO DO ESPÍRITO SANTO
A5: =PLANILHA!A3 -> OBRA: CONSTRUÇÃO DE CAPELA MORTUÁRIA
A6: =PLANILHA!A4 -> LOCAL: CASTELINHO - VARGEM ALTA - ES
A8: COMPOSIÇÃO DE PREÇO UNITÁRIO
A10: Item | B10: 9 - ACABAMENTOS | J10: Unidade
A11: 6.1.3 | B11: CPU | C11: =PLANILHA!C68 -> TELHA TERMOISOLANTE REVESTIDA EM ACO GALVANIZADO, FACE SUPERIOR EM TELHA TRAPEZOIDAL E FACE INFERIOR EM CHAPA PLANA (SEM ACESSORIOS DE FIXACAO), REVESTIMENTO COM ESPESSURA DE 0,50 MM COM PINTUIRA AMADEIRADA NA FANCE LISA E FACE TRAPEZOIDAL GALVANIZADA, NUCLEO EM POLIESTIRENO (EPS) DE 30 MM | J11: UND
A13: 1 - MÃO DE OBRA | D13: UND | E13: COEFICIENTE | G13: P. UNITÁRIO | H13: TOTAL PARCIAL | I13: TOTAL A
A14: TELHADISTA (OFICIAL - SINDUSCON) (LABOR) | D14: H | E14: 0.056 | G14: 29.05 | H14: 1.62 | K14: 88316 SERVENTE COM ENCARGOS COMPLEMENTARES H C 0,0620000 21,72 1,34
A15: SERVENTE (AUXILIAR DE OBRAS - SINDUSCON) (LABOR) | D15: H | E15: 0.062 | G15: 21.72 | H15: 1.34
A16: TOTAL A | I16: =H14+H15 -> 2.96
A18: 2 - MATERIAL | D18: UNID. | E18: COEFICIENTE | G18: P. UNITÁRIO | H18: TOTAL PARCIAL | I18: TOTAL B
A19: TELHA TERMOISOLANTE REVESTIDA EM ACO GALVANIZADO, FACE SUPERIOR EM TELHA TRAPEZOIDAL E FACE INFERIOR EM CHAPA PLANA (SEM ACESSORIOS DE FIXACAO), REVESTIMENTO COM ESPESSURA DE 0,50 MM COM PINTUIRA AMADEIRADA NA FANCE LISA E FACE TRAPEZOIDAL GALVANIZADA, NUCLEO EM POLIESTIRENO (EPS) DE 30 MM | D19: M² | E19: 1 | G19: 175 | H19: =G19*E19 -> 175
A20: TOTAL B | I20: =SUM(H19:H19) -> 175
A23: RESUMO
A24: DISCRIMINAÇÃO | E24: TAXA | H24: VALORES
A25: MÃO DE OBRA (TOTAL A) | H25: =I16 -> 2.96
A26: MATERIAIS (TOTAL B) | H26: =I20 -> 175
A27: EQUIPAMENTOS (TOTAL C) | H27: 0
A28: ENCARGOS SOCIAIS (SOBRE TOTAL A) % | E28: 1.5727 | H28: =E28*H25 -> 4.655192
A29: SUBTOTAL | H29: =H25+H26+H27+H28 -> 182.61519
A31: TOTAL | H31: =H29+H30 -> 182.61519
A32: BDI SOBRE O TOTAL | E32: 0 | H32: =E32*H31 -> 0
A33: PREÇO UNITÁRIO CALCULADO | H33: =H31+H32 -> 182.61519
A35: =PLANILHA!A180 -> Vargem Alta, 05 de maio de 2025
C41: =PLANILHA!C184 -> ELIESER RABELLO | G41: =PLANILHA!D184 -> LORENÇO FERNANDES AZEREDO
C42: =PLANILHA!C185 -> Prefeito Municipal | G42: =PLANILHA!D185 -> Arquiteto e Urbanista - CAU A 35329-9

Sheet CPU
A1: PREFEITURA MUNICIPAL DE VARGEM ALTA
A3: ESTADO DO ESPÍRITO SANTO
A5: =PLANILHA!A3 -> OBRA: CONSTRUÇÃO DE CAPELA MORTUÁRIA
A6: =PLANILHA!A4 -> LOCAL: CASTELINHO - VARGEM ALTA - ES
A8: COMPOSIÇÃO DE PREÇO UNITÁRIO
A10: Item | B10: 9 - ACABAMENTOS | J10: Unidade
A11: =PLANILHA!A84 -> 9.2 | B11: DER - ES 130233 | C11: =PLANILHA!C84 -> Pedra São Tomé filetada, utilizando dupla colagem de argamassa colante tipo ACIII e rejunte 1mm. | J11: UND
A13: 1 - MÃO DE OBRA | D13: UND | E13: COEFICIENTE | G13: P. UNITÁRIO | H13: TOTAL PARCIAL | I13: TOTAL A
A14: LADRILHISTA (OFICIAL - SINDUSCON) (LABOR) | D14: H | E14: 0.9 | G14: 9.37 | H14: =E14*G14 -> 8.433
A15: SERVENTE (AUXILIAR DE OBRAS - SINDUSCON) (LABOR) | D15: H | E15: 0.9 | G15: 6.95 | H15: =E15*G15 -> 6.255
A16: TOTAL A | I16: =H14+H15 -> 14.688
A18: 2 - MATERIAL | D18: UNID. | E18: COEFICIENTE | G18: P. UNITÁRIO | H18: TOTAL PARCIAL | I18: TOTAL B
A19: ARGAM COLANTE FLEXIVEL AC III P/ ASSENT. PORCELANATO E PEDRAS (GRANITO E MÁRMORE) (LABOR) | D19: KG | E19: 8 | G19: 2.59 | H19: =G19*E19 -> 20.72
A20: PEDRA SÃO TOMÉ | D20: M2 | E20: 1.02 | G20: 70.83 | H20: =E20*G20 -> 72.2466
A21: REJUNTE PORCELANATO QUARTZOLIT (LABOR) | D21: KG | E21: 0.224 | G21: 14.49 | H21: =E21*G21 -> 3.24576
A22: TOTAL B | I22: =SUM(H19:H21) -> 96.21236
A25: RESUMO
A26: DISCRIMINAÇÃO | E26: TAXA | H26: VALORES
A27: MÃO DE OBRA (TOTAL A) | H27: =I16 -> 14.688
A28: MATERIAIS (TOTAL B) | H28: =I22 -> 96.21236
A29: EQUIPAMENTOS (TOTAL C) | H29: 0
A30: ENCARGOS SOCIAIS (SOBRE TOTAL A) % | E30: 1.5727 | H30: =E30*H27 -> 23.099818
A31: SUBTOTAL | H31: =H27+H28+H29+H30 -> 134.00018
A33: TOTAL | H33: =H31+H32 -> 134.00018
A34: BDI SOBRE O TOTAL | E34: 0 | H34: =E34*H33 -> 0
A35: PREÇO UNITÁRIO CALCULADO | H35: =H33+H34 -> 134.00018
A37: =PLANILHA!A180 -> Vargem Alta, 05 de maio de 2025
C43: =PLANILHA!C184 -> ELIESER RABELLO | G43: =PLANILHA!D184 -> LORENÇO FERNANDES AZEREDO
C44: =PLANILHA!C185 -> Prefeito Municipal | G44: =PLANILHA!D185 -> Arquiteto e Urbanista - CAU A 35329-9

Sheet MEMORIAL DESCRITIVO
B1: PREFEITURA MUNICIPAL DE VARGEM ALTA ESTADO DO ESPÍRITO SANTO
A3: =PLANILHA!A3 -> OBRA: CONSTRUÇÃO DE CAPELA MORTUÁRIA
A4: =PLANILHA!A4 -> LOCAL: CASTELINHO - VARGEM ALTA - ES
A6: MEMORIAL DESCRITIVO
A8: INSTALAÇÃO DO CANTEIRO DE OBRAS
A10: A placa da obra nas dimensões de 2,00 x 2,00 m (4,00 m2) será confeccionada em chapa galvanizada com requadro de madeira de lei 8x8 cm e fixada em pontaletes de madeira de lei 8x8 cm na altura útil total de 3,50 m.Na placa deverá constar o nome do orgão provedor do recurso, o nome do orgão tomador do recurso, título ou descrição da obra / serviço, o valor do empreendimento e o nome da empresa e do responsável técnico da empresa, responsáveis pela obra, bem como o prazo de execução da mesma.
A11: A rede de luz, será instalada incluindo padrão entrega de energia trifásica com cabo de ligação até barracões, quadro distribuição, disjuntores, sendo a chave de força com consumo 20m entre padrão entre QDG.
A12: Rede de água será com padrão de entrada d'água diâm. 3/4" conforme CESAN, inclusive tubos e conexões para alimentação, distribuição, extravas. e limpeza, consumo de 25m do padrão até entrega.
A13: No entorno de toda área da obra será confeccionado tapume de chapa de madeira compensada de 6 mm, com altura de 2,20 m, fixado em pontaletes de madeira de lei 8x8 cm com pintura externa a cal com aditivo fixador.
A14: Execução de almoxarifado em canteiro de obra em chapa de madeira compensada, incluso prateleiras, pontalete 8x8cm, piso cimentado e cobertura de telhas de fibrocimento de 6mm, inclusive ponto de luz.
A15: Locação de obra com gabarito de madeira
A17: MOVIMENTO DE TERRA
A19: A movimentação de terra consiste na escavação das cavas de fundação para blocos e sapatas até a profundidade conforme seu dimensionamento em projeto.
A20: O reaterro das valas será manual com compactação mecânizada.
A22: ESTRUTURA
... A107: APARELHOS ELÉTRICOS
A108: =PLANILHA!C138 -> LUMINÁRIA TIPO PLAFON CIRCULAR, DE SOBREPOR, COM LED DE 12/13 W - FORNECIMENTO E INSTALAÇÃO. AF_03/2022
A109: =PLANILHA!C139 -> Luminaria sobrepor compl., corpo ch. aço pintada branca, refletor aletas parabólicas alum.alta pureza e refletância inclusive 2 lâmpadas LED T8 20W temp. de cor 5000k bivolt c/ 1,20m - Ref. CS232AL-N - AMES, 2447 - LUMAVI OU EQUIVALENTE
A110: =PLANILHA!C140 -> Ventilador de teto base madeira sem alojamento para luminária, ref. Tron ou equivalente, com comando de interruptor simples, sem dimer para regulagem de velocidade
A111: =PLANILHA!C141 -> Bebebedouro elétrico de pressão para portadores de necessidades especiais IBBL BDF300 ou equivalente
A113: SPDA
A115: =PLANILHA!C144 -> Terminal estanhado de 1 compressão 1 furo, 50mm², ref. TEL-5150, marca de referência Termotécnica ou equivalente
A116: =PLANILHA!C145 -> Condutor de cobre nú, seção de 35mm2, inclusive suportes isoladores e acessórios de fixação, conforme projeto
A117: =PLANILHA!C146 -> HASTE DE ATERRAMENTO, DIÂMETRO 5/8", COM 3 METROS - FORNECIMENTO E INSTALAÇÃO. AF_08/2023
A118: =PLANILHA!C147 -> Caixa de inspeção em PVC, diâmetro 300 mm, ref TEL-552, marca de referência Termotécnica ou equivalente, inclusive escavação e reaterro
A119: =PLANILHA!C148 -> Fixador universal latão estanhado p/ cabos 16 a 70 mm2 ref. 5024, incl. parafuso sextavado M6x45mm, arruela lisa 1/4", bucha nº8, vedação dos furos c/ poliuretano ref. 5905, marca de ref. Termotécnica ou equivalente
A121: APARELHOS HIDRO-SANITÁRIOS
A123: O vaso sanitário será sifonado convencional com louça branca- fornecimento e instalação.
A124: A bancada será em granito cinza polido com dimensão 0,50x0,60, incluso cuba de embutir oval louça branca 35x50cm, válvula de metal cromado, sifão flexível em pvc, engate 30cm flexível plástico e torneira cromada de mesa, padrão popular sendo fornecimento e instalação.
A125: A bancada será de granito cinza polido 150x60cm, com cuba de embutir de aço inoxidável média, com válvula americana em metal cromado, sifão flexível em pvc, engate flexível de 30 cm, torneira cromada longa de parede, 1/2 ou 3/4, para piza de cozinha, padrão popular sendo fornecimento e instalação.
A126: O registro de gaveta bruto será em latão, roscável de 1 1/4, instalado em reservatório, sendo fornecimento e instalação.
A128: PINTURA
A130: As pinturas serão aplicadas com fundo selador látex e pintura com tinta latex no interior. Nas paredes externas serão aplicados fundo selador e pintura com tinta latex acrílica.
A132: INSTALAÇÃO DE COMBATE A INCÊNDIO
A134: O extintor de incêndio será de pó químico de 4kg sendo fornecimento e colocação.
A135: A placa de sinalização de segurança será com o CODIGO 14 - 315/158(NBR 13.434); CÓDIGO S3(NT 14/2010-ES) que é descrita com a frase Saída de Emergência e com indicação de seta.
A138: =PLANILHA!B171 -> SERVIÇOS COMPLEMENTARES EXTERNOS E INTERNOS
A140: =PLANILHA!C173 -> Banco de concreto armado aparente Fck=15 MPa, com apoios de concreto, largura de 45cm, espessura de 7cm e altura de 45cm
A142: LIMPEZA GERAL DA OBRA
A144: Concluída a obra deverá ser realizado os serviços de limpeza da mesma com retirada de todo entulho e da sobra de materiais, bem como da limpeza dos revestimentos do piso e paredes, limpeza dos aparelhos sanitários de louça e limpeza dos vidros, revisão das instalações hidro-sanitárias além de retoques e correções que se fizerem necessárias.
A147: =CRONOGRAMA!A66 -> Vargem Alta, 05 de maio de 2025
C154: =PLANILHA!D184 -> LORENÇO FERNANDES AZEREDO
C155: =PLANILHA!D185 -> Arquiteto e Urbanista - CAU A 35329-9

Sheet BDI (33,25%)
A1: DETALHAMENTO DO BDI
A3: PROPONENTE: | B3: Prefeitura de Vargem Alta
A4: OBRA: | B4: CONSTRUÇÃO DE CAPELA MORTUÁRIA EM CASTELINHO
A5: CONTRATO:
A7: 1. Regime de Contribuição Previdenciária
B9: Com Desoneração
A11: 2. Tipo de Intervenção
B13: Edificações
A15: 3. Incidências sobre o custo
B17: Administração Central - A | C17: 4.06 | D17: % | E17: =C17/100 -> 0.0406
B18: Administração Local - B | C18: 8.19 | D18: % | E18: =C18/100 -> 0.0819
B19: Tributos - C | E19: =C19/100 -> 0
B20: C1 - ISSQN | C20: 4 | D20: % | E20: =C20/100 -> 0.04
B21: C2 - PIS | C21: 0.65 | D21: % | E21: =C21/100 -> 0.0065
B22: C3 - COFINS | C22: 3 | D22: % | E22: =C22/100 -> 0.03
B23: Custos financeiros - D | C23: 0.61 | D23: % | E23: =C23/100 -> 0.0061
B24: Risco, Garantias e seguros - E | C24: 1 | D24: % | E24: =C24/100 -> 0.01
B25: Lucro - F | C25: 8 | D25: % | E25: =C25/100 -> 0.08
A28: 4 – Demonstrativo de cálculo do BDI
B30: BDI= (1+A+B+E ) (1+D) (1+F) - 1 | C30: =(((1+E17+E18+E24)*(1+E23)*(1+E25))/(1-SUM(E20:E22)))-1 -> 0.33249692
B31: (1-C)
A36: Declaro para os devidos fins que o regime de Contribuição Previdenciária adotado para
A37: =CONCATENATE("elaboração do orçamento foi ",B9,", e que esta é a alternativa mais adequada para ") -> elaboração do orçamento foi Com Desoneração, e que esta é a alternativa mais adequada para
A38: a Administração Pública.
A42: Eng./Arq. | B42: =PLANILHA!D184 -> LORENÇO FERNANDES AZEREDO
A43: CREA/CAU: | B43: =PLANILHA!D185 -> Arquiteto e Urbanista - CAU A 35329-9
A45: Nome | B45: ELIESER RABELLO
A46: Cargo | B46: Prefeito Municipal
